 Dungeon Crawl Stone Soup version 0.22-a0-443-g17c3723 (webtiles) character file.

51 Gorglomux the Chopper (level 3, 0/23 HPs)
             Began as a Gargoyle Fighter on June 1, 2018.
             Slain by Natasha (4 damage)
             ... on level 2 of the Dungeon.
             The game lasted 00:00:15 (489 turns).

Gorglomux the Chopper (Gargoyle Fighter)             Turns: 489, Time: 00:00:16

Health: 0/23       AC: 10    Str: 20    XL:     3   Next: 81%
Magic:  3/3        EV:  7    Int:  8    God:
Gold:   40         SH:  9    Dex:  9    Spells: 2/2 levels left

rFire    . . .     SeeInvis .   a - +0 war axe
rCold    . . .     Gourm    .   c - +0 shield
rNeg     + . .     Faith    .   b - +0 scale mail
rPois    ∞         Spirit   .   (no helmet)
rElec    +         Reflect  .   (no cloak)
rCorr    .         Harm     .   (no gloves)
MR       .....                  (no boots)
Stlth    ..........             (no amulet)
HPRegen  0.07/turn              (no ring)
MPRegen  0.08/turn              (no ring)

@: slowed, very slow
A: negative energy resistance 1, electricity resistance, unbreathing,
petrification resistance, rot immunity, AC +3
a: no special abilities


You were on level 2 of the Dungeon.
You were not hungry.

You visited 1 branch of the dungeon, and saw 2 of its levels.

You collected 40 gold pieces.

Inventory:

Hand Weapons
 a - a +0 war axe (weapon)
Armour
 b - a +0 scale mail (worn)
 c - a +0 shield (worn)
Scrolls
 g - a scroll of remove curse {unknown}
 h - 3 scrolls of identify {unknown}
Potions
 d - a potion of might
 j - a potion of haste {unknown}
 k - a potion of mutation {unknown}
 l - 2 potions of resistance {unknown}
Comestibles
 f - 3 rations
 m - 2 chunks of flesh


   Skills:
 - Level 3.2 Fighting
 + Level 3.6 Axes
 - Level 3.2 Armour
 - Level 3.2 Shields


You had 2 spell levels left.
You didn't know any spells.
Your spell library was empty.

Dungeon Overview and Level Annotations

Branches:
Dungeon (2/15)

Altars:
Uskayaw
Beogh

Annotations:
D:2 Natasha


Innate Abilities, Weirdness & Mutations

You are resistant to torment.
Your stone body is resilient. (AC +3)
You are immune to poison.
You resist negative energy. (rN+)
You are resistant to electric shocks. (rElec)
You can survive without breathing.
You are immune to petrification.
You are immune to rotting.


Message History

You barely miss Natasha!
Natasha is heavily butt!
You closely miss the crimson imp! You closely miss the white imp!
The crimson imp hits you but does no damage!
You block the white imp's attack!
You butt Natasha's attack!
The crimson imp barely misses you! The white imp gestures at you!
The puff of frost hits you!!! Natasha barely misses you!
You closely miss Natasha!
Natasha is heavily wounded!
You carve the worm like a ham! You cut the crimson imp into ribbons!
You carve the white imp like a ham!!!
The crimson imp hits you but does no damage!
The white imp hits you but does no damage!
Butt block Natasha's attack!
The crimson imp hits you! The white imp gestures at you!
The puff of frost hits you!!! * * * don't die
* * * You block the butt's attack!
Butt claws you! rip

#...........
######..........
................
######..........
#..>.......
#.#........
#.#......##
#.#5####.# #.@.#
..#
#.....5hw...# .
.............#
..............#
..........%..$#
..............#
..............#
..............#


You could see a worm, Natasha, a crimson imp and a white imp.

Vanquished Creatures
  2 adders (D:2)
  3 oozes (D:1)
  A leopard gecko (D:2)
  A goblin (D:1)
  2 hobgoblins
  A kobold (D:1)
  A quokka (D:2)
  5 bats
  2 frilled lizards (D:2)
  A rat (D:1)
19 creatures vanquished.

Notes
Turn   | Place    | Note
-------+----------+-------------------------------------------
     0 | D:1      | Gorglomux the Gargoyle Fighter began the quest for the Orb.
     0 | D:1      | Reached XP level 1. HP: 14/14 MP: 1/1
    71 | D:1      | Reached XP level 2. HP: 19/19 MP: 2/2
   152 | D:1      | Found a roughly hewn altar of Beogh.
   154 | D:1      | Noticed an orc warrior
   240 | D:1      | Reached skill level 3 in Axes
   380 | D:1      | Reached XP level 3. HP: 23/23 MP: 3/3
   398 | D:2      | Found a hide-covered altar of Uskayaw.
   481 | D:2      | Noticed Natasha
   489 | D:2      | Slain by Natasha

Vault maps used:
D:1:      erik_arrival_cave_to_civilisation, minmay_domino_4
D:2:      cheibrodos_old_hovel, lemuel_crystal_altar,
          grunt_temple_overflow_diamond, uniq_natasha

Skill      XL: |  1  2 |
---------------+-------+-----
Axes           | 2 3 |  3.6
Fighting       | |  3.2
Armour         | |  3.2
Shields        | |  3.2

Action                   || total
-------------------------++-------
Melee: War axe           ||    59
Armor: Scale mail        ||    44
Dodge: Dodged            ||    24
Block: Shield            ||    47

Table legend:
 A = Spawn XP
 B = Non-spawn XP
 C = Spawn XP percentage of total XP
 D = Spawn monster count
 E = Non-spawn monster count
 F = Spawn count percentage of total count
 G = Total turns spent on level
                    A         B        C        D         E        F      G
               +---------+---------+-------+---------+---------+-------+---------
         Total |       0 |      73 |   0.0 |       0 |      19 |   0.0 |   489
               +---------+---------+-------+---------+---------+-------+---------
           D:1 |       0 |      35 |   0.0 |       0 |      11 |   0.0 |   396
           D:2 |       0 |      38 |   0.0 |       0 |       8 |   0.0 |    93
               +---------+---------+-------+---------+---------+-------+---------
